 Dungeon Crawl Stone Soup version 0.31-a0-167-g1c394c0614 (webtiles) character file.

Game seed: 6079185473958265958

121 qw the Chopper (level 5, -11/32 HPs)
             Began as a Gargoyle Fighter on June 14, 2023.
             Mangled by a small abomination (14 damage)
             ... on level 2 of the Abyss.
             The game lasted 00:00:53 (1991 turns).

qw the Chopper (Gargoyle Fighter)                   Turns: 1991, Time: 00:00:53

Health: -11/32     AC: 15    Str: 22    XL:     5   Next: 5%
Magic:  5/5        EV:  9    Int:  8    God:
Gold:   17         SH:  4    Dex:  9    Spells: 4/4 levels left

rFire   + . .        Y - +0 war axe
rCold   . . .        c - +0 buckler
rNeg    + . .        j - +0 scale mail {rF+}
rPois   inf          (no helmet)
rElec   +            (no cloak)
rCorr   .            l - +2 pair of gloves
SInv    .            e - +0 pair of boots
Will    .....        (no amulet) Stlth
                     (no ring)
HPRegen 0.25/turn    (no ring)
MPRegen 0.09/turn

%: no passive effects
@: no status effects
A: sickness immunity, AC +4, negative energy resistance 1, electricity
resistance, torment resistance 1, petrification resistance
a: no special abilities


You were on level 2 of the Abyss.
You visited 1 branch of the dungeon, and saw 3 of its levels.
You visited the Abyss 1 time.

You collected 50 gold pieces.
You spent 33 gold pieces at shops.


Innate Abilities, Weirdness & Mutations

You are immune to sickness and miasma.
Your stone body is resilient. (AC +4)
You are immune to poison.
You resist negative energy. (rN+)
You are resistant to electric shocks. (rElec)
You are resistant to unholy torment.
You are immune to petrification.


   Skills:
 - Level 3.2 Fighting
 + Level 4.6 Axes
 - Level 3.2 Armour
 - Level 3.2 Shields


You had 4 spell levels left.
You didn't know any spells.
Your spell library was empty.

Inventory:

Hand Weapons
 g - a +0 mace
 Y - a +0 war axe (weapon)
Armour
 c - a +0 buckler (worn)
 e - a +0 pair of boots (worn)
 j - a +0 scale mail of fire resistance (worn)
 l - a +2 pair of gloves (worn)
Scrolls
 i - a scroll of amnesia {unknown}
 p - 2 scrolls of identify
 q - a scroll of vulnerability {unknown}
Potions
 a - a potion of degeneration {unknown}
 b - 2 potions of curing {unknown}
 d - 2 potions of might
 f - a potion of resistance {unknown}
 h - a potion of lignification {unknown}
 k - a potion of berserk rage {unknown}
 m - a potion of magic {unknown}
 n - 2 potions of attraction

Dungeon Overview and Level Annotations

Branches:
Dungeon (3/15)

Altars:
Trog

Shops:
D:3 !


Message History

You start resting.
You are suddenly pulled into a different region of the Abyss!
Waypoint 3 assigned to Abyss:2.
You start resting.
A small abomination comes into view.
1976 ||| Stepping ~*~*~tactically~*~*~ (stealth).
You start resting.
A small abomination is nearby!
You slash the small abomination!
The small abomination is moderately damaged.
The small abomination closely misses you.
You hit the small abomination.
The small abomination is heavily damaged.
The small abomination hits you but does no damage.
The small abomination closely misses you.
You hit the small abomination.
The small abomination is severely damaged.
The small abomination hits you but does no damage.
You hit the small abomination but do no damage.
The small abomination is severely damaged.
The small abomination hits you but does no damage.
The small abomination barely misses you.
You hit the small abomination.
The small abomination is almost destroyed.
The small abomination hits you!
You hit the small abomination but do no damage.
The small abomination is almost destroyed.
The small abomination hits you but does no damage. x2
You hit the small abomination.
The small abomination is almost destroyed.
The small abomination hits you.
The small abomination hits you but does no damage.
You barely miss the small abomination.
The small abomination is almost destroyed.
You block the small abomination's attack.
You hit the small abomination but do no damage.
The small abomination is almost destroyed.
The small abomination hits you but does no damage.
The small abomination hits you!
You die...

## #.
#. #.##
.#. #
##....#
##..#
#...#
#..#@##
# #.x#
...#.
#.#..
## #
...
##..
.## ..


You could see a small abomination.

Vanquished Creatures
  An orc priest (D:3)
  An orc wizard (D:3)
  2 adders
  2 gnolls (D:3)
  A dart slug (D:2)
  A worm (D:2)
  An orc (D:3)
  4 endoplasms
  A giant cockroach (D:1)
  5 hobgoblins
  A quokka (D:3)
  2 bats
  A frilled lizard (D:2)
  5 kobolds
  2 rats
30 creatures vanquished.

Notes
Turn   | Place    | Note
-------+----------+-------------------------------------------
     0 | D:1      | qw the Gargoyle Fighter began the quest for the Orb.
     0 | D:1      | Reached XP level 1. HP: 14/14 MP: 1/1
     0 | D:1      | 0 ||| qw: Version: 0.2-a-29-g1fa15c8
     0 | D:1      | 0 ||| qw: Game counter: 4975
     0 | D:1      | 0 ||| qw: Always use a shield: true
     0 | D:1      | 0 ||| qw: God list: Okawaru
     0 | D:1      | 0 ||| qw: Allow faded altars: false
     0 | D:1      | 0 ||| qw: Do Orc after D:15 true
     0 | D:1      | 0 ||| qw: Do second Lair branch before Depths: true
     0 | D:1      | 0 ||| qw: Lair rune preference: random
     0 | D:1      | 0 ||| qw: Plans: Normal, Zot:1-4, Slime:5, God:TSO, Crypt,
                  | Tomb, Abyss, Pan, Hells, Win
     0 | D:1      | 0 ||| PLANNING D:1-11
    65 | D:1      | Reached skill level 2 in Axes
   681 | D:1      | 681 ||| UPGRADING to +0 pair of boots.
   686 | D:1      | 686 ||| UPGRADING to +0 pair of gloves.
   691 | D:1      | 691 ||| READING scroll labelled HIOCAMNOGE.
   692 | D:1      | 692 ||| READING scroll labelled XUPREYL QASTROC.
   693 | D:1      | 693 ||| READING scroll labelled BEW XYNOGECA.
   696 | D:1      | 696 ||| READING scroll labelled MEPLEU EFOAT.
   742 | D:2      | Reached XP level 2. HP: 19/19 MP: 2/2
   844 | D:2      | Reached skill level 3 in Axes
   873 | D:2      | Reached XP level 3. HP: 22/23 MP: 3/3
  1023 | D:2      | Found a faded altar of an unknown god.
  1083 | D:2      | 1083 ||| UPGRADING to +0 scale mail of fire resistance.
  1093 | D:2      | 1093 ||| DROPPING +0 scale mail.
  1094 | D:2      | 1094 ||| UPGRADING to +2 pair of gloves.
  1104 | D:2      | 1104 ||| DROPPING +0 pair of gloves.
  1115 | D:3      | 1115 ||| Stepping ~*~*~tactically~*~*~ (hiding).
  1116 | D:3      | 1116 ||| Stepping ~*~*~tactically~*~*~ (hiding).
  1118 | D:3      | 1118 ||| Stepping ~*~*~tactically~*~*~ (hiding).
  1267 | D:3      | Found a bloodstained altar of Trog.
  1273 | D:3      | 1273 ||| Stepping ~*~*~tactically~*~*~ (hiding).
  1332 | D:3      | Reached XP level 4. HP: 28/28 MP: 4/4
  1335 | D:3      | 1335 ||| Stepping ~*~*~tactically~*~*~ (hiding).
  1395 | D:3      | Reached skill level 4 in Axes
  1701 | D:3      | Found Xolo's Distillery.
  1718 | D:3      | 1718 ||| BUYING potion of attraction (33 gold).
  1718 | D:3      | Bought a potion of attraction for 33 gold pieces
  1718 | D:3      | 1718 ||| SHOPLISTING potion of experience (550 gold, have
                  | 4).
  1718 | D:3      | 1718 ||| SHOPLISTING potion of haste (110 gold, have 4).
  1718 | D:3      | 1718 ||| SHOPLISTING potion of heal wounds (55 gold, have
                  | 4).
  1718 | D:3      | 1718 ||| SHOPLISTING potion of lignification (33 gold, have
                  | 4).
  1718 | D:3      | 1718 ||| SHOPLISTING potion of might (44 gold, have 4).
  1942 | D:3      | Reached XP level 5. HP: 21/32 MP: 5/5
  1943 | D:3      | HP: 7/32 [gnoll/+0 spear of distortion (12)]
  1944 | D:3      | 1944 ||| READING scroll of teleportation.
  1944 | Abyss:2  | Found a corrupted altar of Lugonu.
  1944 | Abyss:2  | Cast into level 2 of the Abyss (gnoll)
  1976 | Abyss:2  | 1976 ||| Stepping ~*~*~tactically~*~*~ (stealth).
  1987 | Abyss:2  | HP: 8/32 [small abomination (9)]
  1989 | Abyss:2  | HP: 3/32 [small abomination (6)]
  1991 | Abyss:2  | Mangled by a small abomination

Levels and vault maps discovered:
D:1:      dpeg_arrival_orchard, layout_basic, minmay_pentomino_o2
D:2:      layout_rooms, hellmonk_ecumenical_altar_heavens_door
D:3:      layout_loops_corners, mainiacjoe_overflow_paths, serial_shops,
          nicolae_shop_temple_entry_statues_fountains
Abyss:2:  base: D:1, guppyfry_abyss_exit_imp_island

Skill      XL: |  1  2  3  4 |
---------------+-------------+-----
Axes           | 2 3 4 |  4.6
Fighting       | |  3.2
Armour         | |  3.2
Shields        | |  3.2

Action                     |  1- 3 |  4- 6 || total
---------------------------+-------+-------++-------
  Melee: War axe           |    75 |    54 ||   129
    Use: Scroll            |     4 |     1 ||     5
 Armour: Scale mail        |    40 |    37 ||    77
  Dodge: Dodged            |    32 |    22 ||    54
  Block: Buckler           |    17 |     7 ||    24

Table legend:
 A = Non-vault XP
 B = Vault XP
 C = Vault XP percentage of total XP
 D = Non-vault monster count
 E = Vault monster count
 F = Vault count percentage of total count
                 A         B        C        D         E       F
            +---------+---------+-------+---------+---------+-------
      Total |     171 |       3 |   1.7 |      28 |       2 |   6.7
            +---------+---------+-------+---------+---------+-------
        D:1 |       5 |       3 |  37.5 |       4 |       2 |  33.3
        D:2 |      30 |       0 |   0.0 |       8 |       0 |   0.0
        D:3 |     136 |       0 |   0.0 |      16 |       0 |   0.0
            +---------+---------+-------+---------+---------+-------
